 Dungeon Crawl Stone Soup version 0.18-a0-1539-g1c7284a (webtiles) character file.

168 mrath the Magician (level 5, -2/38 HPs)
             Began as a Draconian Wizard on Mar 10, 2016.
             Killed from afar by an orc wizard (10 damage)
             ... with a puff of flame
             ... on level 3 of the Dungeon.
             The game lasted 00:22:39 (4623 turns).

mrath the Magician (Draconian Wizard)               Turns: 4623, Time: 00:22:39

Health: -2/38      AC:  5    Str: 10    XL:     5   Next: 23%
Magic:  0/11       EV: 12    Int: 19    God:
Gold:   136        SH:  0    Dex:  9    Spells: 5 memorised, 3 levels left

rFire  . . .     SeeInvis .     C - +0 mace
rCold  . . .     Gourm    .     (armour unavailable)
rNeg   . . .     Faith    .     (no shield)
rPois  .         Spirit   .     a - +0 hat
rElec  .         Dismiss  .     (no cloak)
rCorr  .         Reflect  .     (no gloves)
SustAt .         Harm     .     (no boots)
MR     .....                    (no amulet)
Stlth  +.........               (no ring)
                                (no ring)

@: very slightly contaminated, repel missiles, not resistant to hostile
enchantments, very unstealthy
A: unfitting armour, cold-blooded, AC +5
a: no special abilities


You were on level 3 of the Dungeon.
You were not hungry.

You visited 1 branch of the dungeon, and saw 3 of its levels.

You collected 136 gold pieces.

Inventory:

Hand Weapons
 h - a +2 hunting sling of flaming
 n - a +0 falchion
 r - a +0 rapier
 y - a +0 hunting sling
 C - a +0 mace (weapon)
Missiles
 t - 3 stones (quivered)
 A - 15 sling bullets
Armour
 a - a +0 hat (worn)
Jewellery
 w - an uncursed ring of flight {unknown}
Wands
 q - a wand of random effects (16/48)
 u - a wand of digging (1/24)
Scrolls
 e - a scroll of random uselessness {unknown}
 f - a scroll of enchant weapon {unknown}
 g - a scroll of remove curse {unknown}
 j - 2 scrolls of magic mapping {unknown}
 l - a scroll of recharging {unknown}
 o - a scroll of enchant armour {unknown}
Potions
 i - a potion of lignification {unknown}
 k - 2 potions of magic {unknown}
 m - a potion of curing {unknown}
 s - a potion of brilliance {unknown}
 v - 2 potions of berserk rage {unknown}
 x - a potion of flight {unknown}
Books
 b - a book of Minor Magic

   Spells                             Type                      Level
   a - Magic Dart                     Conjuration                  1
   b - Blink                          Translocation                2
   c - Call Imp                       Summoning                    2
   d - Repel Missiles                 Charms/Air                   2
   e - Slow                           Hexes                        2
   f - Conjure Flame                  Conjuration/Fire             3
   g - Mephitic Cloud                 Conjuration/Poison/Air       3
Comestibles
 c - 2 bread rations
 d - a beef jerky
 p - 2 meat rations
 z - 8 chunks of flesh
 B - 4 fruits


   Skills:
 - Level 1.7 Dodging
 - Level 1.7 Stealth
 + Level 4.6 Spellcasting
 + Level 3.4 Conjurations
 - Level 1.0 Summonings
 - Level 1.0 Translocations


You had 3 spell levels left.
You knew the following spells:

 Your Spells              Type           Power        Failure   Level  Hunger
a - Magic Dart            Conj           ###.         3%          1    None
b - Blink                 Tloc           N/A          14%         2    #......
c - Call Imp              Summ           #.......     14%         2    #......
d - Repel Missiles        Chrm/Air       #.....       21%         2    #......
e - Mephitic Cloud        Conj/Pois/Air  #.......     28%         3    ###....


Dungeon Overview and Level Annotations

Branches:
Dungeon (3/15)

Altars:
Gozag
Makhleb
Pakellas


Innate Abilities, Weirdness & Mutations

Your plain brown scales are hard (AC +5).
Your body does not fit into most forms of armour.
You are cold-blooded and may be slowed by cold attacks.


Message History

The orc shouts!
You hit the orc.
You kill the orc!
Something hits you. x2
* * * LOW HITPOINT WARNING * * *
The orc barely misses you.
Casting: Magic Dart
Confirm with . or Enter, or press ? or * to list all spells.
Aiming: Magic Dart
Press: ? - help, Shift-Dir - straight line, f - orc
Aim: an orc The magic dart hits the orc.
You kill the orc!
You hear some strange, mumbled words.
A puff of flame appears from out of thin air!
The puff of flame misses you.
You hear some strange, mumbled words.
A puff of flame appears from out of thin air!
The puff of flame hits you!
You die...

......### ...
....# #.) ..#.#
#.# #.#.#
###.###.#.#
#.....#.#.#
#.#.#.#.#.#
#{#.#.....#
#.@.###.### #####
#.########
#........#
......(.#####.####
.######.# #....#
..# ####.# #..#
#...# ...# #.###
...## ###.[..


There were no monsters in sight!

Vanquished Creatures
  An orc wizard (D:2)
  A hound (D:1)
  3 adders
  2 worms (D:2)
  A dart slug (D:3)
  2 giant geckos (D:2)
  5 orcs
  3 bats
  3 giant cockroaches
  7 goblins
  11 hobgoblins
  7 jackals
  3 kobolds
  2 quokkas
  2 ball pythons
  4 giant newts
  6 rats
63 creatures vanquished.

Notes
Turn   | Place    | Note
--------------------------------------------------------------
     0 | D:1      | mrath the Draconian Wizard began the quest for the Orb.
     0 | D:1      | Reached XP level 1. HP: 14/14 MP: 4/4
   940 | D:1      | Reached XP level 2. HP: 20/20 MP: 4/6
  1935 | D:2      | Found an opulent altar of Gozag.
  2220 | D:2      | Reached XP level 3. HP: 26/26 MP: 1/8
  3191 | D:1      | Reached skill level 4 in Spellcasting
  3191 | D:1      | Reached XP level 4. HP: 11/33 MP: 0/10
  3680 | D:1      | Learned a level 2 spell: Blink
  3683 | D:1      | Learned a level 2 spell: Call Imp
  3686 | D:1      | Learned a level 2 spell: Repel Missiles
  3690 | D:1      | Learned a level 3 spell: Mephitic Cloud
  3784 | D:2      | Found an oddly glowing altar of Pakellas.
  3875 | D:2      | Found a burning altar of Makhleb.
  4508 | D:2      | Reached XP level 5. HP: 34/38 MP: 2/11
  4623 | D:3      | Killed from afar by an orc wizard

Vault maps used:
D:1:      lightli_arrival_isolated_outpost, nrook_loot_triangle
D:2:      grunt_gozag_statues, makhleb_heckhound_becter, johnstein_pakellas_dig
D:3:      patterned_corridor

Skill      XL: |  1  2  3  4 |
---------------+-------------+-----
Conjurations   | 2 3 |  3.4
Spellcasting   | 4 |  4.6
Dodging        | |  1.7
Stealth        | |  1.7
Summonings     | |  1.0
Translocations | |  1.0

Action                   |  1- 3 |  4- 6 || total
-------------------------+-------+-------++-------
Melee: Club              |     2 |       ||     2
       Short sword       |    24 |     6 ||    30
       Mace              |       |     2 ||     2
 Cast: Magic Dart        |   128 |    75 ||   203
       Mephitic Cloud    |       |     1 ||     1
       Repel Missiles    |       |     1 ||     1
  Eat: Chunk             |     7 |     4 ||    11
